 Dungeon Crawl Stone Soup version 0.22-a0-358-g7563fe7 (webtiles) character file.

2153 Amnesiac the Nimble (level 9, -5/71 HPs)
             Began as a Mummy Necromancer on Apr 18, 2018.
             Was a Follower of Kikubaaqudgha.
             Slain by a two-headed ogre
             ... wielding a +0 giant spiked club
              (9 damage)
             ... on level 8 of the Dungeon.
             The game lasted 00:10:28 (7157 turns).

Amnesiac the Nimble (Mummy Necromancer)             Turns: 7157, Time: 00:10:28

Health: -5/71      AC:  5    Str: 12    XL:     9   Next: 10%
Magic:  6/15       EV: 16    Int: 20    God:    Kikubaaqudgha [*.....]
Gold:   285        SH:  0    Dex: 12    Spells: 9/16 levels left

rFire    . . .     SeeInvis .   b - +5 hunting sling
rCold    + + .     Gourm    .   (no shield)
rNeg     + + +     Faith    +   e - +0 robe
rPois    ∞         Spirit   .   i - +0 helmet
rElec    .         Reflect  .   n - scarf {rC+ rF+}
rCorr    .         Harm     .   k - +1 pair of gloves
MR       +....                  (no boots)
Stlth    ++........             q - amulet of faith
HPRegen  0.21/turn              (no ring)
MPRegen  0.14/turn              v - +3 ring of intelligence

@: no status effects
A: no food or potions, fire vulnerability, cold resistance 1, negative energy
resistance 3, torment resistance, unbreathing
a: Receive Corpses, Renounce Religion


You were on level 8 of the Dungeon.
You worshipped Kikubaaqudgha.
Kikubaaqudgha was aware of your devotion.
You were not hungry.

You visited 1 branch of the dungeon, and saw 8 of its levels.

You collected 285 gold pieces.

Inventory:

Hand Weapons
 a - a +2 dire flail of protection
 b - a +5 hunting sling (weapon)
 d - a +0 long sword
 t - a +0 blowgun
Missiles
 c - 119 stones (quivered)
 f - 8 sling bullets
 u - 37 poisoned needles
Armour
 e - a +0 robe (worn)
 i - a +0 helmet (worn)
 k - a +1 pair of gloves (worn)
 n - a scarf of resistance (worn)
Jewellery
 l - an uncursed ring of ice
 q - an amulet of faith (around neck)
 v - a +3 ring of intelligence (right hand)
Wands
 j - a wand of acid (6)
Scrolls
 g - 3 scrolls of blinking {!r}
 h - 5 scrolls of remove curse {!r}
 m - 2 scrolls of fog {!r}
 o - a scroll of identify {!r}
 p - a scroll of enchant weapon {!r}
 r - 2 scrolls of teleportation {!r}
 s - a scroll of magic mapping {!r}
 w - a scroll of enchant armour {!r}


   Skills:
 + Level 6.6 Fighting
 * Level 8.2 Dodging
 - Level 1.5 Stealth
 - Level 4.0 Spellcasting
 - Level 4.0 Necromancy


You had 9 spell levels left.
You knew the following spells:

 Your Spells              Type           Power        Failure   Level  Hunger
d - Vampiric Draining     Necr           ###.......   8%          3    N/A
s - Summon Lightning Spi  Summ/Air       #.......     77%         4    N/A

Dungeon Overview and Level Annotations

Branches:
Dungeon (8/15)             Temple (0/1) D:6
   Lair: D:8-11

Altars:
Fedhas
Gozag
Hepliaklqana
Kikubaaqudgha
Qazlal
Wu Jian
The Shining One

Annotations:
D:6 exclusion: two-headed ogre
D:8 exclusion: two-headed ogre


Innate Abilities, Weirdness & Mutations

You do not eat or drink.
Your flesh is vulnerable to fire.
You are immune to poison.
Your flesh is cold resistant. (rC+)
You are immune to negative energy. (rN+++)
You are immune to unholy pain and torment.
You can survive without breathing.


Message History

You shoot a stone. The stone hits the crimson imp.
You kill the crimson imp!
Kikubaaqudgha accepts your kill.
Firing (i - inventory. (/) - cycle)
c - 123 stones (quivered)
Press: ? - help, Shift-Dir - straight line, f - two-headed ogre
Aim: a two-headed ogre, wielding a giant spiked club and a giant club You shoot a stone.
The stone hits the two-headed ogre.
The two-headed ogre is lightly wounded.
Okay, then.
Evoke which item? (* to show all) (? for menu, Esc to quit)
Aiming: Corrosive Bolt
Press: ? - help, Shift-Dir - straight line, f/p - two-headed ogre
Aim: a two-headed ogre, wielding a giant spiked club and a giant club (lightly wounded)
The bolt of acid hits the two-headed ogre.
The two-headed ogre is splashed with acid.
The acid corrodes the two-headed ogre!
The two-headed ogre is moderately wounded.
Firing (i - inventory. (/) - cycle)
c - 122 stones (quivered)
Press: ? - help, Shift-Dir - straight line, f/p - two-headed ogre
Aim: a two-headed ogre, wielding a giant spiked club and a giant club (moderately wounded, covered in acid)
You shoot a stone. The stone hits the two-headed ogre.
The two-headed ogre is heavily wounded.
Firing (i - inventory. (/) - cycle)
c - 121 stones (quivered)
Press: ? - help, Shift-Dir - straight line, f/p - two-headed ogre
Aim: a two-headed ogre, wielding a giant spiked club and a giant club (heavily wounded, covered in acid)
You shoot a stone.
The stone barely misses the two-headed ogre.
The two-headed ogre misses you. The two-headed ogre closely misses you.
Firing (i - inventory. (/) - cycle)
c - 120 stones (quivered)
Press: ? - help, Shift-Dir - straight line, f/p - two-headed ogre
Aim: a two-headed ogre, wielding a giant spiked club and a giant club (heavily wounded, covered in acid)
You shoot a stone. The stone hits the two-headed ogre.
The two-headed ogre is heavily wounded.
The two-headed ogre hits you with a giant spiked club!
The two-headed ogre hits you with a giant club!
Casting: Vampiric Draining (safe; 8% risk of failure)
Confirm with . or Enter, or press ? or * to list all spells.
Aiming: Vampiric Draining (safe; 8% risk of failure)
Press: ? - help, Shift-Dir - straight line, f/p - two-headed ogre
Aim: a two-headed ogre, wielding a giant spiked club and a giant club (heavily wounded, covered in acid)
The two-headed ogre is severely wounded.
You feel life coursing into your body. The two-headed ogre closely misses you.
The two-headed ogre hits you with a giant club!!
* * * LOW HITPOINT WARNING * * *
Casting: Vampiric Draining (safe; 8% risk of failure)
Confirm with . or Enter, or press ? or * to list all spells.
Aiming: Vampiric Draining (safe; 8% risk of failure)
Press: ? - help, Shift-Dir - straight line, f/p - two-headed ogre
Aim: a two-headed ogre, wielding a giant spiked club and a giant club (severely wounded, covered in acid)
The two-headed ogre is severely wounded.
You feel life coursing into your body.
Unknown command.
Casting: Vampiric Draining (safe; 8% risk of failure)
Confirm with . or Enter, or press ? or * to list all spells.
Aiming: Vampiric Draining (safe; 8% risk of failure)
Press: ? - help, Shift-Dir - straight line, f/p - two-headed ogre
Aim: a two-headed ogre, wielding a giant spiked club and a giant club (severely wounded, covered in acid)
The two-headed ogre is almost dead.
You feel life coursing into your body.
The two-headed ogre hits you with a giant spiked club!!
* * * LOW HITPOINT WARNING * * *
The two-headed ogre hits you with a giant club!
You die...
Kikubaaqudgha rasps: "You have failed me!
Welcome... oblivion!"

######## #...O..#
## #### #.# .# ..
..# ####.####(# .#
#.###.......#.#
.####.##...#.##.#(#
...........#.##.#.#
.##........#.##.#O#
.......#####....@.#
##.##.## ####.###
#.##.# #.[ #.##.#
##. #.##+# .# #.#
.# #.. .# ##..
.....


You could see a two-headed ogre.

Vanquished Creatures
  A hippogriff (D:7)
  The ghost of Curus the Changer, an amateur MfTm (D:4)
  Edmund (D:4)
  A black bear (D:6)
  2 centaurs (D:5)
  A necrophage (D:7)
  An ogre (D:6)
  Blork the orc (D:5)
  3 bullfrogs
  A scorpion (D:7)
  A water moccasin skeleton (D:6)
  2 howler monkeys
  3 crimson imps
  A jelly (D:6)
  5 hounds
  2 bullfrog skeletons
  4 orc priests
  5 orc wizards
  A centaur skeleton (D:4)
  3 worker ants
  A hound zombie (D:6)
  Robin (D:4)
  6 adders
  A shadow imp (D:6)
  An adder zombie (D:6)
  An adder skeleton (D:5)
  5 leopard geckos
  20 orcs
  3 giant cockroaches
  11 goblins
  4 hobgoblins
  2 jackals (D:7)
  3 quokkas
  5 bats
  3 frilled lizards
  9 kobolds
  8 rats
124 creatures vanquished.

Notes
Turn   | Place    | Note
-------+----------+-------------------------------------------
     0 | D:1      | Amnesiac the Mummy Necromancer began the quest for the Orb.
     0 | D:1      | Reached XP level 1. HP: 13/13 MP: 4/4
   142 | D:2      | Reached skill level 2 in Dodging
   142 | D:2      | Reached XP level 2. HP: 13/20 MP: 0/6
   357 | D:3      | Reached skill level 1 in Fighting
   421 | D:3      | Reached XP level 3. HP: 26/26 MP: 4/7
   659 | D:4      | Learned a level 3 spell: Vampiric Draining
   869 | D:4      | Noticed Edmund
   881 | D:4      | HP: 1/26 [Edmund/dire flail of protection (12)]
   891 | D:4      | Noticed Curus's ghost (amateur MfTm)
  1031 | D:4      | Killed Edmund
  1031 | D:4      | Reached skill level 3 in Dodging
  1031 | D:4      | Reached XP level 4. HP: 21/33 MP: 0/10
  1031 | D:4      | Reached XP level 5. HP: 24/38 MP: 0/11
  1074 | D:4      | Killed Curus's ghost
  1074 | D:4      | Reached skill level 4 in Dodging
  1074 | D:4      | Reached XP level 6. HP: 16/46 MP: 5/12
  1487 | D:4      | Noticed Robin
  1509 | D:4      | Killed Robin
  1610 | D:4      | Found an ornate altar of the Wu Jian Council.
  1901 | D:5      | Entered Level 5 of the Dungeon
  2292 | D:3      | Reached XP level 7. HP: 18/53 MP: 9/13
  2296 | D:3      | Reached skill level 5 in Dodging
  2605 | D:3      | You fall through a shaft!
  3168 | D:4      | Found a glowing golden altar of the Shining One.
  3231 | D:5      | Noticed Blork the orc
  3236 | D:5      | Killed Blork the orc
  3737 | D:5      | Reached skill level 6 in Dodging
  3952 | D:6      | Reached XP level 8. HP: 42/61 MP: 14/14
  4051 | D:6      | Found a hazy altar of Hepliaklqana.
  4103 | D:6      | Found an ancient bone altar of Kikubaaqudgha.
  4106 | D:6      | Became a worshipper of Kikubaaqudgha
  5226 | D:3      | Reached skill level 5 in Fighting
  5718 | D:6      | Reached * piety under Kikubaaqudgha
  5718 | D:6      | Identified Kikubaaqudgha's Compendium of Evil Magic (Kikubaaqudgha gifted it to you on level 6 of the Dungeon)
  5718 | D:6      | Received a gift from Kikubaaqudgha
  5725 | D:6      | Learned a level 4 spell: Summon Lightning Spire
  5880 | D:6      | Noticed a two-headed ogre
  6034 | D:6      | Reached skill level 7 in Dodging
  6232 | D:6      | Found a blossoming altar of Fedhas.
  6452 | D:6      | Found a staircase to the Ecumenical Temple.
  6664 | D:7      | Noticed a hippogriff
  6673 | D:7      | Killed a hippogriff
  6673 | D:7      | Reached skill level 8 in Dodging
  6784 | D:7      | Reached XP level 9. HP: 69/71 MP: 15/15
  6872 | D:7      | Found a stormy altar of Qazlal.
  6872 | D:7      | Found an opulent altar of Gozag.
  7139 | D:8      | Noticed a two-headed ogre
  7157 | D:8      | Slain by a two-headed ogre

Vault maps used:
D:1:      lemuel_arrival_river_ford
D:3:      first_ration, minmay_misc_feat_alley
D:4:      nicolae_overflow_crystal_walls, nicolae_tso_swordbearing_angel,
          uniq_edmund, uniq_robin
D:5:      uniq_blork_the_orc
D:6:      kennysheep_mini, nicolae_overflow_hidden_temple, lemuel_doored_altar,
          minmay_temple_entry_fiery, kennysheep_generic_room_10
D:7:      grunt_temple_overflow_open
D:8:      kennysheep_orc_sif_temple, kennysheep_little_box, serial_shops,
          nicolae_shop_window_shopping

Skill      XL: |  1  2  3  4  5  6  7  8 |
---------------+-------------------------+-----
Dodging        | 2 3 4 6 8 |  8.2
Spellcasting   | 3 4 |  4.0
Fighting       | 1 2 3 4 6 |  6.6
Stealth        | |  1.5
Necromancy     | |  4.0

Action                   |  1- 3 |  4- 6 |  7- 9 || total
-------------------------+-------+-------+-------++-------
Melee: Dagger            |     1 |       |       ||     1
       Unarmed           |     2 |       |       ||     2
       Dire flail        |       |    18 |       ||    18
 Fire: Hunting sling     |     9 |    28 |   303 ||   340
 Cast: Pain              |    36 |    48 |    32 ||   116
       Vampiric Draining |     8 |     5 |    26 ||    39
Evoke: Wand              |       |       |     2 ||     2
  Use: Scroll            |     5 |       |    10 ||    15
Armor: Robe              |     2 |    17 |    37 ||    56
Dodge: Dodged            |    15 |    50 |   153 ||   218

Table legend:
 A = Spawn XP
 B = Non-spawn XP
 C = Spawn XP percentage of total XP
 D = Spawn monster count
 E = Non-spawn monster count
 F = Spawn count percentage of total count
 G = Total turns spent on level
                    A         B        C        D         E        F      G
               +---------+---------+-------+---------+---------+-------+---------
         Total |       0 |    3076 |   0.0 |       0 |     124 |   0.0 |  7157
               +---------+---------+-------+---------+---------+-------+---------
           D:1 |       0 |      13 |   0.0 |       0 |       8 |   0.0 |   573
           D:2 |       0 |      26 |   0.0 |       0 |      13 |   0.0 |   735
           D:3 |       0 |     167 |   0.0 |       0 |      21 |   0.0 |  1092
           D:4 |       0 |     806 |   0.0 |       0 |      35 |   0.0 |  2296
           D:5 |       0 |     389 |   0.0 |       0 |       8 |   0.0 |   740
           D:6 |       0 |     985 |   0.0 |       0 |      23 |   0.0 |  1163
           D:7 |       0 |     640 |   0.0 |       0 |      15 |   0.0 |   512
           D:8 |       0 |      50 |   0.0 |       0 |       1 |   0.0 |    46
               +---------+---------+-------+---------+---------+-------+---------
